 Dungeon Crawl Stone Soup version 0.30-a0-800-g7c544603b3 (webtiles) character file.

Game seed: 12723739049638087817

285809 Esekla the Eclecticist (level 20, -11/182 HPs)
             Began as an Octopode Delver on Feb 22, 2023.
             Was an Initiate of Gozag.
             Mangled by a vault warden
             ... wielding a +0 dire flail
              (26 damage)
             ... on level 2 of the Vaults on Feb 23, 2023.
             The game lasted 05:44:55 (50075 turns).

Esekla the Eclecticist (Octopode Delver)           Turns: 50075, Time: 05:44:56

Health: -11/182    AC: 38    Str: 14    XL:     20   Next: 62%
Magic:  0/48       EV: 22    Int: 34    God:    Gozag
Gold:   1016       SH: 13    Dex: 21    Spells: 12/49 levels left

rFire   + + .      SeeInvis +    a - +11 Screaming Sword {sonic wave}
rCold   + + +      Faith    .    L - +0 kite shield
rNeg    + . .      Spirit   +    V - +1 hat "Ibleff" {Int+2}
rPois   ∞          Reflect  .    j - amulet of Waecvuto {Spirit rF+ Int+6 Stlth+}
rElec   +          Harm     .    n - ring "Eply" {rCorr MP+9 Str-5 Int+2}
rCorr   +          Rampage  .    O - ring "Omeameech" {rPois rC++ Str+3 Int-4}
Will    +....                    k - +6 ring of dexterity
Stlth   ++++++++                 H - ring "Sohumne" {Wiz SInv}
HPRegen 0.50/turn                P - +4 ring of protection
MPRegen 0.31/turn                Q - ring "Teces" {rElec Str+2 Int+6}
                                 T - ring of the Commoners {AC+4 Int+5}
                                 R - ring "Vapatt" {rF+ rC+ Str+3 Int-3 Stlth+}

@: statue-form (expiring), wereblooded, gold aura, freezing walls, very slow
A: slow and powerful, torment resistance 1, boosted hp, almost no armour,
amphibious, 8 rings, camouflage 1, (gelatinous body 1), (nimble swimmer 1),
tentacles
}: 2/15 runes: decaying, gossamer
a: End Transformation, Renounce Religion, Potion Petition, Call Merchant, Bribe
Branch


You were on level 2 of the Vaults.
You worshipped Gozag.
Gozag was most pleased with you.
You were a living statue of rough stone.
You visited 8 branches of the dungeon, and saw 34 of its levels.
You visited the Abyss 1 time.

You collected 15677 gold pieces.
You spent 7789 gold pieces at shops.
You paid 6872 gold pieces to Gozag.

Inventory:

Hand Weapons
 a - the +11 Screaming Sword (weapon) {sonic wave}
   (You found it on level 15 of the Dungeon)
 f - a +2 scimitar of flaming
 g - a +2 demon blade of protection
 r - a +3 vampiric trident
 s - a +1 dagger of venom
 w - a +2 falchion of holy wrath
Missiles
 h - 43 poisoned darts
 x - 18 curare-tipped darts
 z - 10 boomerangs (quivered)
 C - 16 javelins
Armour
 L - a +0 kite shield (worn)
 V - the +1 hat "Ibleff" (worn) {Int+2}
   (You found it on level 4 of the Spider Nest)

   Int:       It affects your intelligence (+2).
Jewellery
 j - the amulet of Waecvuto (around mantle) {Spirit rF+ Int+6 Stlth+}
   (You bought it in a shop on level 9 of the Dungeon)

   [amulet of guardian spirit]

   It causes incoming damage to be divided between your reserves of health and
   magic.
   Int:       It affects your intelligence (+6).
   rF:        It protects you from fire.
   Stlth:     It makes you more stealthy.
 k - a +6 ring of dexterity (on tentacle)
 n - the ring "Eply" (left tentacle) {rCorr MP+9 Str-5 Int+2}
   (You bought it in a shop on level 9 of the Dungeon)

   [ring of magical power]

   Str:       It affects your strength (-5).
   Int:       It affects your intelligence (+2).
   MP:        It affects your magic capacity (+9).
   rCorr:     It protects you from acid and corrosion.
 y - a ring of flight
 G - a ring of fire
 H - the ring "Sohumne" (on tentacle) {Wiz SInv}
   (You bought it in a shop on level 6 of the Dungeon)

   [ring of wizardry]

   It improves your spell success rate.
   SInv:      It lets you see invisible.
 O - the ring "Omeameech" (right tentacle) {rPois rC++ Str+3 Int-4}
   (You bought it in a shop on level 9 of the Dungeon)

   [ring of poison resistance]

   Str:       It affects your strength (+3).
   Int:       It affects your intelligence (-4).
   rC:        It greatly protects you from cold.
   rPois:     It protects you from poison.
 P - a +4 ring of protection (on tentacle)
 Q - the ring "Teces" (on tentacle) {rElec Str+2 Int+6}
   (You bought it in a shop on level 9 of the Dungeon)

   [ring of intelligence]

   Str:       It affects your strength (+2).
   Int:       It affects your intelligence (+6).
   rElec:     It insulates you from electricity.
 R - the ring "Vapatt" (on tentacle) {rF+ rC+ Str+3 Int-3 Stlth+}
   (You bought it in a shop on level 6 of the Dungeon)

   [ring of protection from fire]

   Str:       It affects your strength (+3).
   Int:       It affects your intelligence (-3).
   rF:        It protects you from fire.
   rC:        It protects you from cold.
   Stlth:     It makes you more stealthy.
 T - the ring of the Commoners (on tentacle) {AC+4 Int+5}
   (You bought it in a shop on level 9 of the Dungeon)

   [ring of protection]

   AC:        It affects your AC (+4).
   Int:       It affects your intelligence (+5).
Wands
 D - a wand of mindburst (5)
 F - a wand of roots (12)
 M - a wand of flame (27)
 S - a wand of acid (7)
 Y - a wand of digging (1)
Scrolls
 b - 4 scrolls of fog
 d - 5 scrolls of fear
 m - 9 scrolls of enchant armour
 t - 7 scrolls of silence
 u - 5 scrolls of magic mapping
 v - 8 scrolls of enchant weapon
 B - 6 scrolls of teleportation
 E - 9 scrolls of poison
 X - 5 scrolls of blinking
Potions
 c - 4 potions of attraction
 e - 4 potions of haste
 i - 5 potions of might
 l - a potion of berserk rage
 o - 16 potions of curing
 p - 8 potions of flight
 q - a potion of heal wounds
 A - a potion of resistance
 I - 4 potions of invisibility
 J - 4 potions of magic
 K - 4 potions of ambrosia
 N - 4 potions of brilliance
 Z - a potion of cancellation


   Skills:
 * Level 13.2 Fighting
 + Level 4.3(9.9) Short Blades
 - Level 13.7(14.0) Long Blades
 + Level 4.7 Throwing
 * Level 14.5 Dodging
 + Level 11.7 Stealth
 + Level 10.9 Shields
 * Level 15.4 Spellcasting
 + Level 6.0 Conjurations
 * Level 1.9 Summonings
 + Level 4.4 Translocations
 * Level 7.9 Transmutations
 * Level 10.0 Ice Magic
 * Level 3.4 Air Magic
 * Level 10.0 Earth Magic
 + Level 9.4 Poison Magic
 + Level 0.6 Evocations


You had 12 spell levels left.
You knew the following spells:

 Your Spells              Type           Power      Damage    Failure   Level
a - Statue Form           Tmut/Erth      48%        N/A       4%          6
b - Blink                 Tloc           100%       N/A       1%          2
g - Ozocubu's Refrigerat  Ice            38%        4d15      17%         7
i - Irradiate             Conj/Tmut      32%        3d22      1%          5
k - Airstrike             Air            24%        2d(4-20)  3%          4
r - Frozen Ramparts       Ice            100%       1d16      1%          3
s - Summon Lightning Spi  Summ/Air       44%        N/A       4%          4
w - Wereblood             Tmut           69%        N/A       1%          2
x - Olgreb's Toxic Radia  Pois           74%        N/A       1%          4

Your spell library contained the following spells:

 Spells                   Type           Power      Damage    Failure   Level
 Beastly Appendage        Tmut           100%       N/A       1%          1
 Freeze                   Ice            100%       1d10      1%          1
 Ensorcelled Hibernation  Hex/Ice        100%       N/A       1%          2
 Passwall                 Tmut/Erth      60%        N/A       1%          2
 Hailstorm                Conj/Ice       69%        3d14      1%          3
 Spider Form              Tmut/Pois      71%        N/A       1%          3
 Swiftness                Air            49%        N/A       1%          3
 Ice Form                 Ice/Tmut       72%        N/A       1%          4
 Leda's Liquefaction      Hex/Erth       28%        N/A       1%          4
 Summon Ice Beast         Ice/Summ       61%        N/A       1%          4
 Alistair's Intoxication  Tmut/Pois      47%        N/A       1%          5
 Blade Hands              Tmut           34%        N/A       1%          5
 Lee's Rapid Deconstruct  Erth           38%        3d19*     1%          5
 Manifold Assault         Tloc           54%        N/A       2%          4
 Borgnjor's Vile Clutch   Necr/Erth      28%        N/A       4%          5
 Lightning Bolt           Conj/Air       28%        1d44      5%          5
 Eringya's Noxious Bog    Tmut/Pois      35%        N/A       6%          6
 Iron Shot                Conj/Erth      34%        9d7       8%          6
 Anguish                  Hex/Necr       13%        N/A       13%         4
 Summon Mana Viper        Hex/Summ       32%        N/A       24%         5
 Dragon Form              Tmut           34%        N/A       38%         7
 Storm Form               Tmut/Air       30%        N/A       69%         7
 Monstrous Menagerie      Summ           19%        N/A       99%         7
 Enfeeble                 Hex            13%        N/A       100%        7
 Ignition                 Fire           13%        3d6       100%        8
 Infestation              Necr           13%        N/A       100%        8
 Chain Lightning          Conj/Air       28%        3d37      100%        9
 Fire Storm               Conj/Fire      23%        8d6       100%        9
 Shatter                  Erth           38%        3d30*     100%        9
 Animate Armour           Summ/Erth      Unusable   N/A       N/A         4

Dungeon Overview and Level Annotations

Branches:
Dungeon (15/15)            Temple (1/1) D:5            Lair (5/5) D:9
  Swamp (4/4) Lair:3       Spider (4/4) Lair:2        Slime (0/5) Lair:4
    Orc (2/2) D:12            Elf (0/3) Orc:2        Vaults (2/5) D:14
  Crypt (0/3) Vaults:2     Depths (1/4) D:15

Altars:
Ashenzari
Cheibriados
Dithmenos
Elyvilon
Fedhas
Gozag
Hepliaklqana
Kikubaaqudgha
Makhleb
Nemelex Xobeh
Okawaru
Qazlal
Ru
Sif Muna
Trog
Uskayaw
Vehumet
Wu Jian
Xom
Yredelemnul
Zin
The Shining One
Jiyva

Shops:
D:6 =   D:7 [   D:9 ?:(===   D:13 *   Orc:2 [?(=   Vaults:1 (*!(?

Portals:
Abyss: D:15

Annotations:
D:5 exclusion: statue
D:15 1 transporter, Guh Rysug's ghost, journeyman DsGl
Lair:1 exclusion: oklob plant


Innate Abilities, Weirdness & Mutations

You are a living statue of rough stone.
Your actions are slow, but your melee attacks are powerful.
You are resistant to unholy torment.
Your maximum health is greatly increased.
You are immune to poison.
You cannot wear most types of armour.
You are amphibious.
You can wear up to eight rings at the same time.
Your skin changes colour to match your surroundings (Stealth+).
((Your rubbery body absorbs attacks. (AC +1, EV +1)))
((You are camouflaged when in or above water. (Stealth+)))
You have tentacles for arms and can constrict up to eight enemies at once.


Message History

Electricity crackles from the ironbound thunderhulk's apparatus.
The bolt of lightning hits you! You resist.
* * * LOW HITPOINT WARNING * * *
The wall freezes the very large slime creature!
You block the very large slime creature's attack.
The wall freezes the vault warden but does no damage.
The vault warden hits you from afar with a +0 halberd!!
* * * LOW HITPOINT WARNING * * *
The wall freezes the vault warden!
The vault warden is no longer distracted by gold.
The vault warden activates a sealing rune.
You feel much better.
The vault sentinel is no longer distracted by gold.
The vault sentinel looks more healthy.
The vault warden is no longer distracted by gold.
The vault sentinel blows a loud note on a signal horn!
The wall freezes the very large slime creature.
The very large slime creature closely misses you.
The wall freezes the vault warden.
The vault warden hits you from afar with a +0 halberd.
* * * LOW HITPOINT WARNING * * *
The wall freezes the vault warden.
You block the vault warden's attack.
Electricity crackles from the ironbound thunderhulk's apparatus.
The bolt of lightning misses you.
The wall freezes the very large slime creature.
The very large slime creature hits you.
* * * LOW HITPOINT WARNING * * *
The wall freezes the vault warden but does no damage.
You block the vault warden's attack.
The wall freezes the vault warden but does no damage.
The vault warden hits you but does no damage.
The wall freezes the stone giant!
Your frozen ramparts will break if you move.
Continue?
The very large slime creature attacks as you move away!
The very large slime creature hits you!!
* * * LOW HITPOINT WARNING * * *
The vault warden attacks as you move away!
The vault warden hits you with a +0 dire flail!!
You die...
Your body crumbles into a pile of gold. .'......#.###### .#......#.# #......#.# ########.# #.# ... #.####G... #CpTOp..<< #pJppQp.<< #8####p... #.# .pp

#######
#.# .
####.....#
#.#
.#.#.....#
#.#
...'.....#
#.#
.#.#.....#
#..
####.....#
###
#######


You could see a stone giant, 3 vault wardens, an ironbound thunderhulk (very
poisoned), a tengu reaver (poisoned), a great orb of eyes, a very large slime
creature, 2 vault sentinels, an ironbound convoker (poisoned) and a deep troll
earth mage (strong).

Vanquished Creatures
  the Lernaean hydra (Swamp:4)
  Bai Suzhen (Swamp:4)
  Xtahua (Vaults:2)
  A tentacled monstrosity (Swamp:3)
  Rupert (D:12)
  Asterion (Vaults:1)
  An ancient champion (Vaults:1)
  A sphinx (Vaults:1)
  Kirke (D:14)
  Gastronok (Lair:3)
  A thorn hunter (Swamp:2)
  A fenstrider witch (Swamp:3)
  A tengu reaver (Vaults:1)
  Roxanne (Swamp:1)
  A draconian knight (Vaults:1)
  2 emperor scorpions (Spider:4)
  2 vault wardens (Vaults:2)
  4 ghost moths
  5 ironbound preservers
  An orc warlord (D:12)
  A ghoul (Swamp:3)
  Nessos (D:13)
  2 broodmothers
  4 eleionomae
  4 very ugly things (Vaults:2)
  4 bunyips
  8 spark wasps
  13 dire elephants
  2 yaktaur captains (Vaults:2)
  Snorg (Lair:4)
  3 entropy weavers
  Josephine (D:14)
  4 great orbs of eyes
  An entropy weaver (shapeshifter) (D:15)
  28 hydras
  4 ogre magi
  Harold (D:10)
  Erolcha (D:13)
  2 jorogumos
  7 catoblepae
  A rakshasa (D:12)
  2 ghost crabs
  4 radroaches
  15 two-headed ogres
  9 centaur warriors
  8 ironbound frosthearts
  8 boulder beetles
  A dancing weapon (Vaults:1)
  8 alligators
  19 death yaks
  Urug (Lair:2)
  2 skysharks
  A deep elf knight (Spider:2)
  A thrashing horror (D:15)
  3 skeletal warriors
  6 pharaoh ants
  Amaemon (Lair:2)
  2 goliath frogs
  2 sun moths
  13 deep trolls
  5 spriggan druids
  14 orb spiders
  3 lindwurms (Vaults:1)
  8 wizards
  22 bog bodies
  9 ironbound convokers
  2 glowing orange brains
  2 necromancers
  11 swamp dragons
  A deep elf archer (Spider:2)
  3 orc knights
  14 wolf spiders
  4 steelbarb worms
  7 deep elf pyromancers
  A deep elf zephyrmancer (D:8)
  5 manticores
  20 ugly things
  5 moths of wrath
  3 will-o-the-wisps
  2 centaur zombies (D:15)
  5 cyclopes
  11 black mambas
  21 elephants
  Joseph (D:10)
  5 vault sentinels
  14 cane toads
  5 demonic crawlers
  A naga mage (D:15)
  12 torpor snails
  4 gargoyles
  Maggie (D:8)
  4 rime drakes
  3 efreet
  An orange demon (Lair:2)
  2 centaur skeletons (D:15)
  10 yaktaurs (Vaults:2)
  2 freezing wraiths
  8 komodo dragons
  A yaktaur (shapeshifter) (D:14)
  An unseen horror (D:12)
  A bloated husk (Swamp:2)
  4 meliai
  4 polar bears
  5 trolls
  10 tyrant leeches
  31 tarantellas
  18 hornets
  2 raiju (D:15)
  Prince Ribbit (Lair:2)
  12 blink frogs
  A dream sheep (Lair:4)
  23 slime creatures
  3 shadows
  30 jumping spiders
  30 culicivoras
  10 wraiths
  57 yaks
  12 spriggans
  5 wyverns
  A hog (shapeshifter) (D:12)
  Grum (D:8)
  3 basilisks
  A steam dragon (Lair:2)
  3 hogs (D:14)
  70 redbacks
  21 vampire mosquitoes
  Menkaure (D:7)
  12 swamp worms
  A redback simulacrum (D:15)
  3 wargs (Orc:1)
  21 water moccasins
  A hell hound (Spider:2)
  A black bear (Lair:4)
  20 orc warriors
  14 swamp drakes
  3 ice beasts
  32 ogres
  26 wolves
  13 centaurs
  3 phantoms
  3 kobold brigands
  Blork the orc (D:4)
  20 bullfrogs
  7 necrophages
  4 gnoll sergeants
  4 scorpions
  2 electric eels
  3 howler monkeys
  A lava snake (Orc:2)
  3 hounds
  9 orc priests
  A gnoll bouda (D:6)
  3 jellies
  Jessica (D:3)
  7 iguanas
  23 orc wizards
  5 hell rats
  4 polar bear simulacra (Lair:2)
  4 wolf simulacra (Lair:2)
  A yak simulacrum (Lair:2)
  16 gnolls
  9 adders
  2 river rats (D:9)
  3 white imps
  2 ufetubi (D:7)
  A worm (D:5)
  3 dart slugs
  44 orcs
  7 ball pythons
  3 endoplasms
  4 giant cockroaches
  5 goblins
  3 hobgoblins
  24 kobolds
  3 quokkas
  4 bats
  5 frilled lizards
  8 rats
  2 river rat simulacra (Lair:2)
  14 briar patches (Swamp:2)
1259 creatures vanquished.

Vanquished Creatures (others)
  An eleionoma (Swamp:1)
  Lodul (D:10)
  4 bloated husks
  An ogre (D:10)
  A necrophage (Swamp:3)
  A bush (D:8)
  26 foxfires
  42 fungi
  89 plants
166 creatures vanquished.

Grand Total: 1425 creatures vanquished

Notes
Turn   | Place    | Note
-------+----------+-------------------------------------------
     0 | D:5      | Esekla the Octopode Delver began the quest for the Orb.
     0 | D:5      | Reached XP level 1. HP: 16/16 MP: 1/1
    32 | D:5      | Reached XP level 2. HP: 9/21 MP: 2/2
   111 | D:5      | Found a staircase to the Ecumenical Temple.
   116 | Temple   | Entered the Ecumenical Temple
   122 | Temple   | Became a worshipper of Gozag Ym Sagoz the Greedy
   209 | D:4      | Noticed Blork the orc
   290 | D:5      | Noticed a howler monkey
   322 | D:5      | Noticed an ice beast
   448 | D:2      | Reached XP level 3. HP: 26/26 MP: 3/3
   567 | D:2      | Found a hazy altar of Hepliaklqana.
  1159 | D:1      | Found a faded altar of an unknown god.
  1472 | D:2      | Reached skill level 1 in Spellcasting
  1472 | D:2      | Reached XP level 4. HP: 30/31 MP: 5/5
  1983 | D:3      | Reached XP level 5. HP: 35/37 MP: 6/6
  2202 | D:3      | Noticed Jessica
  2206 | D:3      | Killed Jessica
  2491 | D:4      | Reached skill level 1 in Short Blades
  2491 | D:4      | Reached XP level 6. HP: 38/43 MP: 8/8
  2659 | D:4      | Killed Blork the orc
  2816 | D:4      | Reached XP level 7. HP: 49/49 MP: 9/9
  3473 | D:5      | Reached skill level 2 in Spellcasting
  3503 | D:5      | Found a radiant altar of Vehumet.
  3818 | D:5      | Reached XP level 8. HP: 54/54 MP: 11/11
  4200 | D:6      | Reached skill level 5 in Fighting
  4217 | D:6      | Reached skill level 10 in Stealth
  4217 | D:6      | Reached skill level 3 in Spellcasting
  4269 | D:6      | Learned a level 3 spell: Frozen Ramparts
  4547 | D:6      | Reached skill level 1 in Ice Magic
  4557 | D:6      | Reached XP level 9. HP: 61/61 MP: 14/14
  5042 | D:6      | Bought the ring "Sohumne" {Wiz SInv} for 494 gold pieces
  5126 | D:7      | Reached skill level 4 in Spellcasting
  5157 | D:7      | Reached skill level 5 in Long Blades
  5538 | D:7      | Found a broken altar of Ashenzari.
  5562 | D:7      | Noticed Menkaure
  5711 | D:7      | Killed Menkaure
  5714 | D:7      | Reached skill level 5 in Dodging
  6092 | D:7      | Found Immusime's Armour Shop.
  6330 | D:7      | Found a shimmering blue altar of Sif Muna.
  6992 | D:9      | Noticed a death yak
  6993 | D:9      | Found a staircase to the Lair.
  7246 | D:9      | Reached XP level 10. HP: 59/68 MP: 11/17
  7333 | D:9      | Found a basalt altar of Yredelemnul.
  7636 | D:9      | Noticed a green ugly thing
  7638 | D:9      | Noticed a death yak
  7648 | D:9      | Noticed a death yak
  7732 | D:9      | Killed a green ugly thing
  7733 | D:9      | Reached skill level 1 in Throwing
  7733 | D:9      | Reached skill level 5 in Spellcasting
  7977 | D:8      | Noticed Grum
  8025 | D:8      | Killed Grum
  8026 | D:8      | Reached skill level 1 in Shields
  8192 | D:8      | Noticed Maggie
  8202 | D:8      | Killed Maggie
  8291 | D:8      | Noticed a deep elf zephyrmancer
  8299 | D:8      | Killed a deep elf zephyrmancer
  8385 | D:8      | Reached skill level 6 in Spellcasting
  8505 | D:8      | Found an ancient bone altar of Kikubaaqudgha.
  9303 | Lair:1   | Entered Level 1 of the Lair of Beasts
  9337 | Lair:1   | Found a glowing silver altar of Zin.
  9339 | Lair:1   | Noticed an oklob plant
  9353 | Lair:1   | Reached XP level 11. HP: 70/74 MP: 15/20
 10516 | D:10     | Entered Level 10 of the Dungeon
 10572 | D:10     | Noticed Lodul
 10824 | D:10     | Killed Lodul
 11374 | D:10     | Noticed Joseph
 11493 | D:11     | Learned a level 2 spell: Blink
 11937 | D:11     | Reached skill level 7 in Spellcasting
 12355 | D:11     | Reached skill level 1 in Translocations
 12555 | D:11     | Noticed a two-headed ogre
 12569 | D:11     | Killed a two-headed ogre
 12668 | D:12     | Noticed a deep elf pyromancer
 12675 | D:12     | Killed a deep elf pyromancer
 12676 | D:12     | Reached XP level 12. HP: 80/82 MP: 20/23
 13103 | D:12     | Reached skill level 5 in Ice Magic
 13111 | D:12     | Found a staircase to the Orcish Mines.
 13316 | D:12     | Found a blossoming altar of Fedhas.
 13486 | D:12     | Reached skill level 10 in Long Blades
 13654 | D:10     | Found a burning altar of Makhleb.
 13657 | D:10     | Found a stormy altar of Qazlal.
 13704 | D:10     | Noticed Harold
 13707 | D:10     | Killed Harold
 14141 | D:10     | Killed Joseph
 14677 | D:9      | Bought the ring "Teces" {rElec Str+2 Int+6} for 758 gold
                  | pieces
 14930 | D:12     | Reached skill level 5 in Shields
 14947 | D:12     | Reached skill level 8 in Spellcasting
 15303 | D:12     | Noticed a centaur warrior
 15303 | D:12     | Noticed a rakshasa
 15344 | D:12     | Killed a rakshasa
 15414 | D:12     | Reached XP level 13. HP: 57/89 MP: 17/25
 15843 | D:6      | Bought the ring "Vapatt" {rF+ rC+ Str+3 Int-3 Stlth+} for
                  | 501 gold pieces
 16503 | D:12     | Identified the +11 flail of Festuqimi {holy, +Blink}
 16503 | D:12     | Identified the +10 plate armour of the Other World {Str+3
                  | Slay+4}
 16642 | Orc:1    | Entered Level 1 of the Orcish Mines
 16663 | Orc:1    | Noticed an orc warlord
 16742 | D:12     | Killed an orc warlord
 17452 | Lair:2   | Noticed Prince Ribbit
 17475 | Lair:2   | Killed Prince Ribbit
 17502 | Lair:2   | Found a hole to the Spider Nest.
 18136 | Lair:2   | Noticed Amaemon
 18136 | Lair:2   | Noticed Urug
 18170 | Lair:2   | Killed Urug
 18585 | Lair:2   | Reached skill level 9 in Spellcasting
 18673 | Lair:2   | Killed Amaemon
 19338 | Lair:3   | Found a staircase to the Swamp.
 19486 | Lair:3   | Reached XP level 14. HP: 89/97 MP: 22/27
 19515 | Lair:3   | Noticed Gastronok
 19795 | Lair:3   | Killed Gastronok
 20524 | D:9      | Bought the Unrestrained Analects for 660 gold pieces
 20529 | D:9      | Learned a level 4 spell: Olgreb's Toxic Radiance
 20631 | Orc:2    | Entered Level 2 of the Orcish Mines
 20915 | Orc:1    | Reached skill level 1 in Poison Magic
 22105 | Orc:2    | Reached skill level 10 in Fighting
 22180 | Orc:2    | Found a staircase to the Elven Halls.
 22585 | Orc:2    | Reached skill level 10 in Spellcasting
 22768 | Orc:2    | Found Zet Axidgh's Jewellery Emporium.
 22768 | Orc:2    | Found Saob's Magic Scroll Boutique.
 22768 | Orc:2    | Found Opucvig's Weapon Boutique.
 22768 | Orc:2    | Found Toggoiti's Armour Shoppe.
 22805 | Orc:2    | Bought a scroll of identify for 28 gold pieces
 23501 | D:9      | Bought a book of Annihilations for 900 gold pieces
 23681 | Lair:4   | Found a hide-covered altar of Uskayaw.
 23709 | Lair:4   | Found an ornate altar of the Wu Jian Council.
 24012 | Lair:4   | Identified the +1 trident of Dishonour {freeze, Drain rCorr
                  | Dex+2}
 24027 | Lair:4   | Found a viscous altar of Jiyva.
 24028 | Lair:4   | Found a staircase to the Slime Pits.
 24292 | Lair:4   | Reached skill level 1 in Earth Magic
 25092 | Lair:5   | Entered Level 5 of the Lair of Beasts
 25271 | Lair:4   | Reached skill level 10 in Dodging
 25271 | Lair:4   | Reached XP level 15. HP: 69/105 MP: 9/29
 25512 | Lair:5   | Noticed Snorg
 26777 | Lair:4   | Killed Snorg
 27356 | D:13     | Found Bifyem's Changing Room.
 27463 | Orc:2    | Bought a +2 falchion of holy wrath for 208 gold pieces
 27676 | D:13     | Noticed Rupert
 28091 | D:13     | Bought a book of Changes for 252 gold pieces
 28094 | D:13     | Learned a level 2 spell: Wereblood
 28148 | D:13     | Reached skill level 5 in Poison Magic
 28571 | D:13     | Noticed Erolcha
 28606 | D:12     | Killed Rupert
 29010 | D:13     | Noticed Nessos
 29046 | D:13     | Killed Nessos
 29534 | Lair:4   | Reached skill level 1 in Transmutations
 29581 | Lair:4   | Reached skill level 11 in Spellcasting
 29775 | Lair:4   | Identified the +4 mace of Rigys {protect, rC++}
 30925 | Lair:5   | Reached XP level 16. HP: 102/111 MP: 15/31
 32033 | D:9      | Learned a level 5 spell: Irradiate
 32117 | Abyss:1  | Cast into level 1 of the Abyss (Erolcha)
 32124 | D:13     | Escaped the Abyss
 32133 | D:13     | Killed Erolcha
 32277 | D:14     | Noticed Kirke
 32292 | D:14     | Killed Kirke
 32393 | D:14     | Reached skill level 1 in Conjurations
 32701 | D:14     | Reached skill level 12 in Spellcasting
 32719 | D:14     | Found a gate to the Vaults.
 32832 | D:14     | Noticed Josephine
 32862 | D:14     | Killed Josephine
 33072 | D:14     | Reached skill level 5 in Earth Magic
 33383 | D:9      | Bought the amulet of Waecvuto {Spirit rF+ Int+6 Stlth+} for
                  | 1247 gold pieces
 33505 | D:15     | Entered Level 15 of the Dungeon
 33673 | D:15     | Found the +11 Singing Sword {sonic wave}
 34076 | D:15     | Found a transporter.
 34266 | D:15     | Found a staircase to the Depths.
 34381 | D:15     | Noticed Guh Rysug's ghost (journeyman DsGl)
 34448 | D:15     | Found a one-way gate to the infinite horrors of the Abyss.
 34449 | D:15     | Noticed a daeva
 34454 | D:15     | Found a transporter.
 35088 | Depths:1 | Entered Level 1 of the Depths
 35278 | Spider:1 | Entered Level 1 of the Spider Nest
 35282 | Spider:1 | Reached XP level 17. HP: 117/117 MP: 33/33
 36425 | Spider:1 | Reached skill level 5 in Transmutations
 37088 | Spider:2 | Reached skill level 13 in Spellcasting
 40054 | Spider:4 | Entered Level 4 of the Spider Nest
 40309 | Spider:4 | Reached XP level 18. HP: 51/125 MP: 12/35
 40583 | Spider:4 | Reached skill level 5 in Conjurations
 42772 | Spider:4 | Identified the +1 hat "Ibleff" {Int+2}
 42808 | Spider:4 | Got a gossamer rune of Zot
 42981 | D:9      | Bought the ring of the Commoners {AC+4 Int+5} for 695 gold
                  | pieces
 43011 | D:9      | Bought the ring "Eply" {rCorr MP+9 Str-5 Int+2} for 341
                  | gold pieces
 43051 | D:9      | Learned a level 7 spell: Ozocubu's Refrigeration
 43125 | Swamp:1  | Entered Level 1 of the Swamp
 43125 | Swamp:1  | Noticed Roxanne
 43137 | Swamp:1  | Reached skill level 14 in Spellcasting
 43698 | D:9      | Bought the ring "Omeameech" {rPois rC++ Str+3 Int-4} for
                  | 551 gold pieces
 43935 | Swamp:1  | Reached skill level 10 in Shields
 44326 | Swamp:1  | Killed Roxanne
 44381 | Swamp:1  | Learned a level 6 spell: Statue Form
 45192 | Swamp:3  | Reached XP level 19. HP: 131/131 MP: 37/37
 45550 | Swamp:3  | Identified the +0 trident "Spiderbane" {flame, rN+}
 45654 | Swamp:3  | Noticed a tentacled monstrosity
 45665 | Swamp:3  | Killed a tentacled monstrosity
 46090 | Swamp:4  | Entered Level 4 of the Swamp
 46282 | Swamp:4  | Noticed Bai Suzhen
 46285 | Swamp:4  | Noticed the 27-headed Lernaean hydra
 46643 | Swamp:4  | Killed Bai Suzhen
 46888 | Swamp:4  | Killed the 22-headed Lernaean hydra
 47048 | Swamp:4  | Got a decaying rune of Zot
 47479 | Vaults:1 | Entered Level 1 of the Vaults
 47633 | Vaults:1 | Found Reluomp's Distillery.
 47641 | Vaults:1 | Bought a potion of berserk rage for 90 gold pieces
 47641 | Vaults:1 | Bought a potion of resistance for 180 gold pieces
 47729 | Vaults:1 | Reached skill level 15 in Spellcasting
 47922 | Vaults:1 | Found Petiel's Magic Scroll Shop.
 47924 | Vaults:1 | Found Elauddel's Weapon Shoppe.
 48186 | Vaults:1 | Found Wuafeami's General Store.
 48262 | Vaults:1 | Noticed Asterion
 48276 | Vaults:1 | Killed Asterion
 48278 | Vaults:1 | Reached XP level 20. HP: 111/139 MP: 23/39
 48621 | Vaults:1 | Identified the +1 pair of gloves of the Jabberwock {+Blink
                  | rF+ Slay+3}
 48657 | Vaults:1 | Found Zibiz's Antique Weapon Shoppe.
 48783 | Vaults:1 | Bought a scroll of acquirement for 884 gold pieces
 48783 | Vaults:1 | Acquired the Catalogue of Conduction and Mortification
 48790 | Vaults:1 | Learned a level 4 spell: Airstrike
 48795 | Vaults:1 | Learned a level 4 spell: Summon Lightning Spire
 48843 | Vaults:1 | Reached skill level 1 in Air Magic
 49114 | Vaults:2 | Found a staircase to the Crypt.
 49114 | Vaults:2 | Found a basalt altar of Yredelemnul.
 49115 | Vaults:2 | Found an ancient bone altar of Kikubaaqudgha.
 49168 | Vaults:2 | Reached skill level 1 in Summonings
 49720 | Vaults:2 | Noticed Xtahua
 49736 | Vaults:2 | Killed Xtahua
 49864 | Vaults:2 | Reached skill level 10 in Ice Magic
 50072 | Vaults:2 | Reached skill level 10 in Earth Magic
 50075 | Vaults:2 | Mangled by a vault warden

Illustrated notes

Levels and vault maps discovered:
D:1:      dpeg_arrival_signposts, layout_basic,
          hellmonk_ecumenical_altar_run_dry, minmay_bisected
D:2:      layout_basic, basic_altar
D:3:      layout_rooms, hangedman_decor_slide_cut, kennysheep_another_room,
          nicolae_titane, uniq_jessica
D:4:      layout_basic, grunt_ministairs_8, uniq_blork_the_orc
D:5:      layout_loops_ring, vehumet_statue, temple_doors_e
D:6:      minmay_diamond_boxcup, layout_loops_cross
D:7:      layout_cave_pools, kennysheep_orc_sif_temple,
          ashenzari_conservatory_becter, serial_shops, nicolae_shop_waterfront,
          uniq_menkaure
D:8:      layout_gridville, kennysheep_mini_moat, grunt_ministairs_13,
          kb_lookout_dungeons_type, guppyfry_early_elven_hall, uniq_maggie,
          uniq_grum
D:9:      layout_basic, mainiacjoe_overflow_chevrons, dpeg_lair_monsters
D:10:     lemuel_ice_spiral_2, layout_basic, nicolae_overflow_squiral,
          uniq_harold, uniq_joseph, uniq_lodul
D:11:     nicolae_cairo_tiling_large, layout_basic
D:12:     minmay_the_grid_triangle_9x9_rhombus_full
          [minmay_the_grid_triangle_9x9_empty,
          minmay_the_grid_triangle_9x9_wacky_v,
          minmay_the_grid_triangle_9x9_sparse_checkered,
          minmay_the_grid_triangle_9x9_corrupted_corridor,
          minmay_the_grid_triangle_9x9_odd_lines,
          minmay_the_grid_triangle_9x9_minimal,
          minmay_the_grid_triangle_9x9_thin_v,
          minmay_the_grid_triangle_9x9_prize_top_heavy], layout_cave_pools,
          fedhas_altar_fruit_tree
D:13:     layout_cave_pools, nicolae_transmutations_shop, uniq_nessos,
          uniq_rupert, uniq_erolcha
D:14:     layout_basic, david_vaults_1, minmay_misc_feat_rows, uniq_kirke,
          uniq_josephine
D:15:     grunt_enter_depths_magical_seal, layout_stronghold,
          gammafunk_ghost_abyssal_escape, amcnicky_mini_pool_small
Temple:   nicolae_temple_no_exploring_needed
Lair:1:   layout_loops_ring, lemuel_oklob_altar, grunt_megastairs_5,
          lemuel_fruit_tree
Lair:2:   layout_roguey, spider_nest_entry_funnel_web, eino_house_with_fridge,
          infiniplex_staircase_pool, uniq_amaemon, uniq_urug,
          uniq_prince_ribbit2
Lair:3:   layout_roguey, minmay_swamp_entry_wisps, st_stairs_13, pond,
          uniq_gastronok
Lair:4:   nzn_winding_woodlands_huge [nzn_winding_woodlands_5x15_crooked,
          nzn_winding_woodlands_5x15_twine, nzn_winding_woodlands_5x15_garden,
          nzn_winding_woodlands_5x15_sidewinder,
          nzn_winding_woodlands_5x15_pathside_ponds,
          nzn_winding_woodlands_5x15_concentric,
          nzn_winding_woodlands_5x15_pockets, nzn_winding_woodlands_5x15_zeroes,
          nzn_winding_woodlands_5x15_cabin, nzn_winding_woodlands_5x15_jagged,
          nzn_winding_woodlands_center_pierced_h,
          nzn_winding_woodlands_center_lodge,
          nzn_winding_woodlands_15x15_five_gardens], layout_regular_city,
          dpeg_slime_entry_corner, nzn_masters_of_martial_movement
Lair:5:   evilmike_catoblepas_cave, layout_cave_shapes, uniq_snorg
Swamp:1:  layout_basic_swamp, evilmike_swamp_ruin_house_4, swamp_pool5,
          nicolae_swamp_baby_hydras, uniq_roxanne
Swamp:2:  layout_basic_swamp, evilmike_swamp_ruin_house_6
Swamp:3:  layout_basic_swamp, evilmike_swamp_ruin_house_5,
          hangedman_swamp_ravenous
Swamp:4:  grunt_swamp_rune_castle, layout_basic_swamp, uniq_bai_suzhen
Spider:1: layout_spider_delve, drop_trap, guppyfry_spider_mini_2
Spider:2: layout_chambers, drop_trap, beargit_elvish_explorers
Spider:3: nicolae_spider_hilbert_zone_5 [nicolae_spider_hilbert_3_sides_1_open,
          nicolae_spider_hilbert_4_sides_1_open,
          nicolae_spider_hilbert_4_sides_1_open,
          nicolae_spider_hilbert_6_sides_1_open,
          nicolae_spider_hilbert_6_sides_1_open]
Spider:4: spider_rune_water, drop_trap, nicolae_spider_orb_run
Orc:1:    layout_caves
Orc:2:    st_orc_ogre_mass, layout_caves, nicolae_orc_lava_tube
Vaults:1: hangedman_vaults_stretched_pinwheel, hangedman_vaults_stitches,
          nicolae_vaults_diagonal_hallway_8, v_misc_14,
          ontoclasm_vaults_claustrophobia, v_misc_30,
          ontoclasm_vaults_loading_screen, vaults_room_grid,
          nicolae_vaults_three_branches, hangedman_vaults_trim, sword_in_stone,
          ontoclasm_vaults_decontamination, nicolae_vaults_mini_display_case,
          layout_vaults_ring, serial_shops, shop, nicolae_shop_trees, shop,
          nicolae_shop_bloodbath_and_beyond, shop_fountains
Vaults:2: grunt_vaults_funnel, minmay_crypt_entry_necro_gods,
          nicolae_vaults_angled_halls, nicolae_vaults_what_the_h,
          vaults_dpeg_diagonal, ontoclasm_vaults_ring_square, v_misc_29,
          hangedman_vaults_capsules, vaults_room_boxed, hangedman_vaults_nails,
          nicolae_vaults_back_hallway, vaults_room_pool,
          nicolae_vaults_minivaults, layout_vaults_omnibox, uniq_xtahua
Depths:1: layout_gridlike, enter_ziggurat_d,
          nicolae_hell_entry_hellmouth_sunbeams, lemuel_tele_altar,
          st_stairs_14, grunt_decor_arrowhead, nicolae_gozag_zags_fifth_avenue

Skill      XL: |  1  2  3  4  5  6  7  8  9 10 11 12 13 14 15 16 17 18 19 20 |
---------------+-------------------------------------------------------------+-----
Stealth        | 7 8 9 11 | 11.7
Spellcasting   | 1 2 3 4 6 7 8 9 10 11 12 13 14 15 | 15.4
Fighting       | 4 5 6 7 8 9 10 11 12 13 | 13.2
Short Blades   | 1 2 3 4 |  4.3
Long Blades    | 3 4 6 7 9 11 12 13 | 13.7
Dodging        | 3 4 5 6 7 8 9 10 11 12 14 | 14.5
Ice Magic      | 1 3 4 5 6 7 8 9 10 | 10.0
Throwing       | 1 2 3 4 |  4.7
Shields        | 3 4 5 6 8 9 10 | 10.9
Translocations | 1 3 4 |  4.4
Poison Magic   | 4 6 7 8 9 |  9.4
Earth Magic    | 1 3 5 7 8 9 10 | 10.0
Transmutations | 2 4 5 6 7 |  7.9
Conjurations   | 2 4 6 |  6.0
Air Magic      | 3 |  3.4
Summonings     | 1 |  1.9
Evocations     | |  0.6

Action                     |  1- 3 |  4- 6 |  7- 9 | 10-12 | 13-15 | 16-18 | 19-21 || total
---------------------------+-------+-------+-------+-------+-------+-------+-------++-------
  Melee: Falchion          |    48 |    27 |       |       |    36 |    41 |       ||   152
         Constrict         |    14 |    11 |    22 |    67 |    98 |   109 |    42 ||   363
         Tentacles         |    11 |    10 |    31 |   130 |   390 |   249 |   138 ||   959
         Dagger            |    11 |    26 |    43 |    52 |    40 |    71 |    23 ||   266
         Punch             |     1 |       |       |     8 |    25 |    17 |    13 ||    64
         Long sword        |       |       |    92 |   431 |   961 |   271 |       ||  1755
         Scimitar          |       |       |       |       |    14 |    40 |    46 ||   100
         Double sword      |       |       |       |       |       |   440 |   373 ||   813
  Throw: Dart              |       |     4 |     3 |    41 |    64 |    42 |       ||   154
         Boomerang         |       |       |     5 |     9 |    52 |    34 |     5 ||   105
         Throwing net      |       |       |       |     1 |     1 |       |       ||     2
         Javelin           |       |       |       |     1 |       |     1 |       ||     2
   Cast: Frozen Ramparts   |       |       |     9 |    67 |   133 |    51 |    27 ||   287
         Blink             |       |       |       |       |    14 |     5 |     4 ||    23
         Olgreb's Toxic Ra |       |       |       |       |    28 |    72 |     5 ||   105
         Wereblood         |       |       |       |       |     3 |    51 |    25 ||    79
         Statue Form       |       |       |       |       |       |     7 |    32 ||    39
         Irradiate         |       |       |       |       |       |     3 |       ||     3
         Ozocubu's Refrige |       |       |       |       |       |     1 |     2 ||     3
 Invoke: Call Merchant     |       |       |     1 |     1 |     2 |     2 |     1 ||     7
  Evoke: Wand              |       |       |       |     6 |    10 |     1 |     1 ||    18
    Use: Scroll            |     1 |       |     9 |    10 |    11 |     4 |     7 ||    42
         Potion            |       |       |       |       |     5 |    11 |     6 ||    22
   Stab: Sleeping          |    10 |    17 |    25 |    31 |    29 |    57 |    18 ||   187
         Distracted        |       |       |     1 |     5 |     5 |     5 |     8 ||    24
         Confused          |       |       |       |       |       |       |     1 ||     1
 Armour: Skin              |     5 |       |     8 |    56 |   146 |   151 |   484 ||   850
  Dodge: Dodged            |    41 |    14 |   110 |   431 |   747 |   640 |   694 ||  2677
  Block: Kite shield       |       |       |       |    27 |   522 |   418 |   458 ||  1425

Table legend: (Time is in decaauts)
 A = Elapsed time spent in this place.
 B = Non-inter-level travel time spent in this place.
 C = Inter-level travel time spent in this place.
 D = Time resting spent in this place.
 E = Time spent auto-exploring this place.
 F = Levels seen in this place.
 G = Mean time per level.
                   A        B        C        D        E       F      G
               +--------+--------+--------+--------+--------+-----+--------+
         Total |  50949 |  47096 |   3853 |  15891 |   9836 |  35 | 1455.7 |
       Dungeon |  21270 |  18975 |   2295 |   5321 |   4400 |  15 | 1418.0 |
        Temple |     12 |      6 |      6 |      0 |      0 |   1 |   12.0 |
          Lair |  11638 |  10578 |   1060 |   4506 |   2102 |   5 | 2327.6 |
         Swamp |   4184 |   4058 |    126 |    583 |   1107 |   4 | 1046.0 |
   Spider Nest |   7596 |   7492 |    104 |   3633 |   1002 |   4 | 1899.0 |
  Orcish Mines |   3302 |   3152 |    150 |   1415 |    328 |   2 | 1651.0 |
        Vaults |   2936 |   2826 |    110 |    432 |    896 |   2 | 1468.0 |
        Depths |      1 |      1 |      0 |      0 |      0 |   1 |    1.0 |
         Abyss |      6 |      6 |      0 |      0 |      0 |   1 |    6.0 |
               +--------+--------+--------+--------+--------+-----+--------+

Top non-repeatable levels by time:
  Lair:4: 4252 daAuts
    D:12: 3366 daAuts
Spider:4: 2833 daAuts
Spider:2: 2382 daAuts
  Lair:2: 2301 daAuts
     D:9: 2267 daAuts
   Orc:1: 2114 daAuts
    D:10: 1909 daAuts
  Lair:5: 1880 daAuts
Spider:1: 1753 daAuts
  Lair:3: 1749 daAuts
Vaults:1: 1716 daAuts
    D:11: 1702 daAuts
    D:15: 1574 daAuts
  Lair:1: 1456 daAuts
